 Dungeon Crawl Stone Soup version 0.18.1-48-g4cf74bf (webtiles) character file.

7365 Jonno22 the Blocker (level 11, -5/85 HPs)
             Began as a Human Fighter on Aug 22, 2016.
             Was an Elder of the Shining One.
             Slain by a seven-headed hydra (9 damage)
             ... on level 1 of the Lair of Beasts.
             The game lasted 01:20:00 (8172 turns).

Jonno22 the Blocker (Human Fighter)                 Turns: 8172, Time: 01:20:00

Health: -5/85      AC: 16    Str: 22    XL:     11   Next: 35%
Magic:  16/16      EV: 11    Int: 10    God:    the Shining One [****..]
Gold:   514        SH: 11    Dex: 13    Spells: 0 memorised, 16 levels left

rFire  + + .     SeeInvis .     i - +1 long sword (slice)
rCold  x . .     Gourm    .     t - +0 fire dragon armour
rNeg   + + .     Faith    .     c - +0 shield
rPois  .         Spirit   .     (no helmet)
rElec  .         Dismiss  .     C - +0 cloak
rCorr  .         Reflect  .     G - +0 pair of gloves
SustAt .         Harm     .     (no boots)
MR     .....                    (no amulet)
Stlth  +.........               u - +3 ring of protection
                                q - +2 ring of strength

@: lethally poisoned (-5 -> -12), about to teleport, glowing, drained, not
resistant to hostile enchantments, very unstealthy
A: strong 1
a: Divine Shield, Cleansing Flame, Renounce Religion


You were on level 1 of the Lair of Beasts.
You worshipped the Shining One.
The Shining One was greatly pleased with you.
You were not hungry.

You visited 2 branches of the dungeon, and saw 10 of its levels.
You also visited: Ossuary.

You collected 531 gold pieces.
You donated 17 gold pieces to Zin.

Inventory:

Hand Weapons
 b - a +1 shortbow of freezing
 i - a +1 long sword of slicing (weapon)
 H - a +1 mace
 I - a +2 halberd
 R - a +1 spear
Missiles
 h - 4 javelins (quivered)
 r - 117 arrows
 P - 20 bolts
Armour
 c - a +0 shield (worn)
 t - a +0 fire dragon armour (worn)
 C - a +0 cloak (worn)
 G - a +0 pair of gloves (worn)
Magical Staves
 Q - an uncursed staff of energy
Jewellery
 m - a cursed ring of poison resistance {unknown}
 q - a +2 ring of strength (left hand)
 u - a +3 ring of protection (right hand)
 x - an uncursed ring of ice
 O - an uncursed ring of stealth
Wands
 a - a wand of confusion (28/48)
 k - a wand of flame (27/48)
 p - a wand of slowing (12/48)
 s - a wand of flame (16/48)
 F - a wand of hasting (3/9)
 M - a wand of paralysis (12/24)
Scrolls
 e - a scroll of blinking {unknown}
 j - 3 scrolls of amnesia
 l - a scroll of fear
 y - 3 scrolls of teleportation
 D - a scroll of fog
Potions
 d - 2 potions of might
 g - 2 potions of magic
 v - a potion of resistance
 A - 3 potions of brilliance
 J - a potion of berserk rage
 L - a potion of degeneration {unknown}
 N - a potion of cancellation {unknown}
Books
 w - an Akashic Record

   Spells                             Type                      Level
   a - Dispersal                      Translocation                6
   b - Malign Gateway                 Summoning/Translocation      7
   c - Disjunction                    Translocation                8
   d - Controlled Blink               Translocation                8
 z - a book of the Sky

   Spells                             Type                      Level
   a - Summon Lightning Spire         Summoning/Air                4
   b - Airstrike                      Air                          4
   c - Silence                        Hexes/Air                    5
   d - Deflect Missiles               Charms/Air                   6
   e - Conjure Ball Lightning         Conjuration/Air              6
   f - Tornado                        Air                          9
Comestibles
 f - a bread ration
 n - a slice of pizza
 o - 2 meat rations
 E - 2 fruits
 K - 2 beef jerkies


   Skills:
 + Level 7.7(7.2) Fighting
 + Level 7.5(7.0) Long Blades
 + Level 4.4(3.9) Throwing
 + Level 7.7(7.2) Armour
 + Level 6.4(5.9) Dodging
 + Level 4.0(3.6) Stealth
 + Level 8.1(7.6) Shields
 + Level 3.7(3.2) Unarmed Combat
 + Level 3.3(2.9) Spellcasting
 + Level 0.8(0.4) Evocations


You had 16 spell levels left.
You didn't know any spells.

Dungeon Overview and Level Annotations

Branches:
Dungeon (9/15)             Temple (0/1) D:6            Lair (1/8) D:9
    Orc: D:9-12

Altars:
Dithmenos
Elyvilon
Kikubaaqudgha
Makhleb
Nemelex Xobeh
Okawaru
Pakellas
Qazlal
Ru
Sif Muna
Xom
Zin
The Shining One


Innate Abilities, Weirdness & Mutations

Your muscles are strong. (Str +2)


Message History

The seven-headed hydra bites you!
* * * LOW HITPOINT WARNING * * *
The seven-headed hydra closely misses you.
You block the seven-headed hydra's attack.
The seven-headed hydra bites you but does no damage.
The seven-headed hydra barely misses you.
The seven-headed hydra bites you but does no damage.
The black mamba bites you.
* * * LOW HITPOINT WARNING * * *
You feel sick. The black mamba barely misses you.
You feel sick.
As you read the scroll of teleportation, it crumbles to dust.
You feel strangely unstable.
You feel sick. You block the black mamba's attack.
The seven-headed hydra bites you but does no damage.
The seven-headed hydra closely misses you.
The seven-headed hydra bites you!
* * * LOW HITPOINT WARNING * * *
The seven-headed hydra bites you but does no damage. x3
The seven-headed hydra bites you!
You die...

. .......# ##. ......#
.#..####.....
.............##### ####
.......##.###.##.###..#####
...........................
.............#.....#..#.....
........................†...
..........S@..........#.....
..........D.................
...........##.##.##.####..#.
.............####♣#♣# ##.##
............## ♣♣♣
...........## ..........##
♣♣♣♣♣♣♣♣♣♣♣♣♣ .#P.##....##♣
♣...........♣
.......†....♣♣♣...........♣


You could see a seven-headed hydra and a black mamba.

Vanquished Creatures
  The ghost of morgenmantel the Basher, a journeyman GrBe of Trog (Lair:1)
  The ghost of PossumBlood the Fighter, a novice FoFi of Okawaru (D:9)
  The ghost of Jonno22 the Shield-Bearer, a novice HuFi of Zin (D:5)
  Maurice (D:8)
  A black mamba (Lair:1)
  A spiny frog (Lair:1)
  2 komodo dragons (Lair:1)
  2 hippogriffs
  A hungry ghost (D:8)
  2 hell hounds (D:9)
  2 water moccasins (Lair:1)
  A sky beast (D:5)
  3 ice beasts
  A black bear (D:8)
  2 ogres (D:8)
  3 centaurs
  2 crocodiles (Lair:1)
  2 giant frogs
  A gnoll sergeant (D:8)
  4 scorpions
  2 wyvern skeletons
  3 killer bees (D:7)
  9 wights
  2 howler monkeys
  2 electric eels (Lair:1)
  The ghost of Anatei the Magician, a weakling DEFE (D:3)
  A crimson imp (D:6)
  A giant frog zombie (D:6)
  A centaur zombie (D:9)
  2 jellies
  A hound (D:4)
  An orc priest (D:9)
  6 orc wizards
  A giant frog skeleton (D:5)
  An iguana (D:5)
  Ijyb (D:4)
  4 worker ants
  A killer bee zombie (D:9)
  A hound zombie (D:6)
  3 hound skeletons
  13 mummies (Ossuary)
  3 gnolls (D:8)
  18 adders
  A shadow imp (D:6)
  An ooze (D:4)
  An adder zombie (D:5)
  An adder skeleton (D:5)
  2 worms
  A dart slug (D:2)
  4 giant geckos
  25 orcs
  A giant cockroach (D:3)
  17 goblins
  7 hobgoblins
  9 jackals
  4 quokkas
  2 ball pythons
  7 bats
  3 giant newts
  3 gnoll skeletons (Ossuary)
  2 goblin skeletons (Ossuary)
  4 kobolds
  2 kobold skeletons (Ossuary)
  An orc skeleton (Ossuary)
  A quokka skeleton (D:7)
  A quokka zombie (D:6)
  8 rats
  11 rat skeletons (Ossuary)
  2 rat zombies (D:4)
233 creatures vanquished.

Vanquished Creatures (others)
  2 orc wizards (D:8)
  2 fungi (Lair:1)
  2 plants (Lair:1)
6 creatures vanquished.

Grand Total: 239 creatures vanquished

Notes
Turn   | Place    | Note
--------------------------------------------------------------
     0 | D:1      | Jonno22 the Human Fighter began the quest for the Orb.
     0 | D:1      | Reached XP level 1. HP: 18/18 MP: 1/1
   111 | D:1      | Reached XP level 2. HP: 18/24 MP: 2/2
   297 | D:1      | Reached XP level 3. HP: 21/29 MP: 3/3
  1022 | D:2      | Reached XP level 4. HP: 11/35 MP: 4/4
  1447 | D:3      | Reached skill level 1 in Dodging
  1496 | D:3      | Reached skill level 4 in Shields
  1507 | D:3      | Found a faded altar to an unknown god.
  1643 | D:3      | Noticed Anatei's ghost (weakling DEFE)
  1648 | D:3      | Killed Anatei's ghost
  1648 | D:3      | Reached XP level 5. HP: 41/41 MP: 5/5
  2077 | D:3      | Gained mutation: You possess an exceptional clarity of mind. [potion of mutation]
  2077 | D:3      | Gained mutation: You tend to lose your temper in combat. [potion of mutation]
  2077 | D:3      | Gained mutation: Scrolls take you a little longer to read. [potion of mutation]
  2078 | D:3      | Reached skill level 5 in Fighting
  2078 | D:3      | Reached skill level 5 in Armour
  2078 | D:3      | Reached skill level 5 in Shields
  2078 | D:3      | Reached XP level 6. HP: 51/51 MP: 5/11
  2080 | D:3      | Lost mutation: Scrolls take you a little longer to read. [potion of cure mutation]
  2080 | D:3      | Lost mutation: You tend to lose your temper in combat. [potion of cure mutation]
  2080 | D:3      | Lost mutation: You possess an exceptional clarity of mind. [potion of cure mutation]
  2125 | D:4      | Found a glowing silver altar of Zin.
  2125 | D:4      | Found a shimmering altar of Xom.
  2125 | D:4      | Noticed an angel
  2160 | D:4      | Became a worshipper of Zin the Law-Giver
  2200 | D:4      | Reached * piety under Zin
  2256 | D:4      | Reached XP level 7. HP: 52/56 MP: 12/12
  2270 | D:4      | Found a burning altar of Makhleb.
  2302 | D:4      | Reached skill level 6 in Shields
  2354 | D:4      | Found a sand-covered staircase.
  2374 | Ossuary  | Entered an ossuary
  2489 | Ossuary  | Reached ** piety under Zin
  2613 | Ossuary  | Reached skill level 5 in Long Blades
  2842 | D:4      | Noticed Ijyb
  2853 | D:4      | Killed Ijyb
  3196 | D:5      | Entered Level 5 of the Dungeon
  3221 | D:5      | Reached *** piety under Zin
  3262 | D:5      | Reached XP level 8. HP: 63/63 MP: 13/13
  3278 | D:5      | Found a glowing golden altar of the Shining One.
  3281 | D:5      | Fell from the grace of Zin
  3281 | D:5      | Became a worshipper of the Shining One
  3281 | D:5      | Reached * piety under the Shining One
  3351 | D:5      | Found an iron altar of Okawaru.
  3405 | D:5      | Noticed Jonno22's ghost (novice HuFi)
  3433 | D:5      | Killed Jonno22's ghost
  3485 | D:5      | Reached ** piety under the Shining One
  3644 | D:5      | Reached XP level 9. HP: 62/69 MP: 14/14
  4054 | D:6      | Found a staircase to the Ecumenical Temple.
  4385 | D:6      | Found a white marble altar of Elyvilon.
  4396 | D:6      | Found a shadowy altar of Dithmenos.
  4405 | D:6      | Found a stormy altar of Qazlal.
  4417 | D:6      | Found a burning altar of Makhleb.
  4428 | D:6      | Found a sacrificial altar of Ru.
  4437 | D:6      | Found an oddly glowing altar of Pakellas.
  4446 | D:6      | Found a sparkling altar of Nemelex Xobeh.
  4491 | D:6      | Reached skill level 5 in Dodging
  4494 | D:6      | Reached skill level 7 in Shields
  4670 | D:6      | Gained mutation: Your muscles are strong. (Str +2) [potion of beneficial mutation]
  4689 | D:7      | Found an ancient bone altar of Kikubaaqudgha.
  4997 | D:7      | Reached *** piety under the Shining One
  5484 | D:8      | Reached XP level 10. HP: 26/77 MP: 15/15
  5736 | D:8      | Found a burning altar of Makhleb.
  5795 | D:8      | Noticed Maurice
  5821 | D:8      | Killed Maurice
  6259 | D:8      | Found a deep blue altar of Sif Muna.
  7007 | D:9      | Noticed PossumBlood's ghost (novice FoFi)
  7042 | D:9      | Reached **** piety under the Shining One
  7052 | D:9      | Killed PossumBlood's ghost
  7067 | D:9      | Found a staircase to the Lair.
  7408 | Lair:1   | Entered Level 1 of the Lair of Beasts
  7444 | Lair:1   | Noticed a komodo dragon
  7453 | Lair:1   | Killed a komodo dragon
  7453 | Lair:1   | Reached XP level 11. HP: 84/84 MP: 16/16
  7523 | Lair:1   | Reached skill level 8 in Shields
  8027 | Lair:1   | Noticed morgenmantel's ghost (journeyman GrBe)
  8054 | Lair:1   | Killed morgenmantel's ghost
  8147 | Lair:1   | Noticed a seven-headed hydra
  8172 | Lair:1   | HP: 4/85 [seven-headed hydra (9)]
  8172 | Lair:1   | Slain by a seven-headed hydra

Skill      XL: |  1  2  3  4  5  6  7  8  9 10 11 |
---------------+----------------------------------+-----
Dodging        | 1 3 4 5 6 |  6.4
Shields        | 4 5 6 7 8 |  8.1
Armour         | 5 6 7 |  7.7
Fighting       | 5 6 7 |  7.7
Long Blades    | 4 5 6 7 |  7.5
Throwing       | 3 4 |  4.4
Stealth        | 4 |  4.0
Unarmed Combat | 3 |  3.7
Spellcasting   | 3 |  3.3
Evocations     | |  0.8

Action                   |  1- 3 |  4- 6 |  7- 9 | 10-12 || total
-------------------------+-------+-------+-------+-------++-------
Melee: Long sword        |   117 |   108 |   361 |   249 ||   835
Throw: Tomahawk          |       |       |     5 |    16 ||    21
       Javelin           |       |       |       |    16 ||    16
Evoke: Wand              |       |       |       |     2 ||     2
  Use: Potion            |     2 |     6 |     7 |     7 ||    22
       Scroll            |     1 |     6 |    10 |     4 ||    21
  Eat: Bread ration      |       |     1 |     4 |     1 ||     6
       Meat ration       |       |       |     1 |     1 ||     2
Armor: Scale mail        |    62 |    54 |    68 |       ||   184
       Fire dragon armou |       |       |    58 |   124 ||   182
Dodge: Dodged            |    31 |    32 |   140 |   127 ||   330
Block: Shield            |    63 |    77 |   193 |   174 ||   507
